 Dungeon Crawl Stone Soup version 0.25-a0-316-gd28d56f9c5 (webtiles) character file.

Game seed: 14929957863859200939, levelgen mode: classic

207 Borgoz the Cudgeler (level 5, 0/32 HPs)
             Began as a Gargoyle Gladiator on Dec 24, 2019.
             Slain by Blork the orc
             ... wielding a +0 glaive
              (7 damage)
             ... on level 4 of the Dungeon.
             The game lasted 00:03:03 (2934 turns).

Borgoz the Cudgeler (Gargoyle Gladiator)            Turns: 2934, Time: 00:03:03

Health: 0/32       AC: 11    Str: 18    XL:     5   Next: 85%
Magic:  5/5        EV: 12    Int:  8    God:
Gold:   183        SH:  0    Dex: 12    Spells: 4/4 levels left

rFire    . . .     SeeInvis .   a - +0 flail
rCold    . . .     Gourm    +   (no shield)
rNeg     + . .     Faith    .   m - +0 ring mail
rPois    ∞         Spirit   .   c - +0 helmet
rElec    +         Reflect  .   t - +0 cloak
rCorr    .         Harm     .   (no gloves)
MR       .....                  (no boots)
Stlth    ..........             h - amulet of the gourmand
HPRegen  0.10/turn              (no ring)
MPRegen  0.09/turn              (no ring)

@: confused, very slightly contaminated, invisible
A: negative energy resistance 1, electricity resistance, unbreathing,
petrification resistance, rot immunity, AC +4
a: no special abilities


You were on level 4 of the Dungeon.
You were not hungry.

You visited 1 branch of the dungeon, and saw 4 of its levels.

You collected 183 gold pieces.

Inventory:

Hand Weapons
 a - a +0 flail (weapon)
Missiles
 d - 3 throwing nets (quivered)
Armour
 c - a +0 helmet (worn)
 m - a +0 ring mail (worn)
 t - a +0 cloak (worn)
Jewellery
 h - an amulet of the gourmand (around neck)
 j - an uncursed ring of fire
Scrolls
 b - a scroll of enchant weapon {unknown}
 e - 4 scrolls of identify
 g - 3 scrolls of remove curse {unknown}
 i - a scroll of magic mapping {unknown}
 l - a scroll of teleportation {unknown}
 q - a scroll of fog {unknown}
 r - a scroll of enchant armour {unknown}
Potions
 k - a potion of resistance
 o - 2 potions of brilliance
 p - 2 potions of agility {unknown}
Comestibles
 f - 10 rations


   Skills:
 + Level 3.3 Fighting
 * Level 4.3 Maces & Flails
 - Level 1.7 Throwing
 + Level 2.1 Armour
 * Level 3.6 Dodging


You had 4 spell levels left.
You didn't know any spells.
Your spell library was empty.

Dungeon Overview and Level Annotations

Branches:
Dungeon (4/15)
 Temple: D:4-7

Altars:
Dithmenos
Fedhas
Hepliaklqana
Nemelex Xobeh
Qazlal
Trog
Yredelemnul
The Shining One

Annotations:
D:4 Blork the orc


Innate Abilities, Weirdness & Mutations

You are resistant to torment.
Your stone body is resilient. (AC +4)
You are immune to poison.
You resist negative energy. (rN+)
You are resistant to electric shocks. (rElec)
You can survive without breathing.
You are immune to petrification.
You are immune to rotting.


Message History

k - a potion of resistance Something hits you but does no damage.
As you read the scroll of identify, it crumbles to dust.
n - a potion of ambrosia Something hits you but does no damage.
As you read the scroll of identify, it crumbles to dust.
s - a potion of invisibility Something hits you.
As you read the scroll of identify, it crumbles to dust.
o - 2 potions of brilliance Something hits you!
* * * LOW HITPOINT WARNING * * *
Okay, then.
You fade into invisibility!
Something hits you.
* * * LOW HITPOINT WARNING * * *
You are very lightly contaminated with residual magic.
You are confused.
You feel invigorated. Something hits you!
You die...

#.. #.......####.
# ..## #.....###
#. ..####..#
###### #.
.....#..# ##.
........## ####..
)........# #.....
.........##
#.....
........Z{####
##....
.......###@..####
#.... .......
####...####
##.... ......#
####...###..##.
....>.
###.....####
...... ####.## #
..... ######.##
##... ###.......#
##.........#
##..........##


You could see a hound skeleton.

Vanquished Creatures
  A scorpion (D:4)
  An iguana (D:4)
  A worker ant (D:4)
  4 adders
  An ooze (D:2)
  A worm (D:4)
  2 dart slugs
  4 leopard geckos
  An orc (D:4)
  14 bats
  3 giant cockroaches
  6 goblins
  6 hobgoblins
  2 quokkas
  4 frilled lizards
  3 kobolds
  8 rats
62 creatures vanquished.

Notes
Turn   | Place    | Note
-------+----------+-------------------------------------------
     0 | D:1      | Borgoz the Gargoyle Gladiator began the quest for the Orb.
     0 | D:1      | Reached XP level 1. HP: 12/12 MP: 1/1
    75 | D:1      | Reached XP level 2. HP: 15/18 MP: 2/2
   452 | D:1      | Reached XP level 3. HP: 22/22 MP: 3/3
   541 | D:1      | Reached skill level 1 in Armour
  1004 | D:2      | Found a blossoming altar of Fedhas.
  1153 | D:2      | Reached XP level 4. HP: 21/27 MP: 4/4
  1332 | D:2      | Found a bloodstained altar of Trog.
  2177 | D:3      | Found a faded altar of an unknown god.
  2563 | D:4      | Found a glowing golden altar of the Shining One.
  2563 | D:4      | Found a basalt altar of Yredelemnul.
  2564 | D:4      | Found a hazy altar of Hepliaklqana.
  2564 | D:4      | Found a stormy altar of Qazlal.
  2567 | D:4      | Found a sparkling altar of Nemelex Xobeh.
  2576 | D:4      | Reached skill level 4 in Maces & Flails
  2576 | D:4      | Reached XP level 5. HP: 26/32 MP: 5/5
  2662 | D:4      | Found a shadowy altar of Dithmenos.
  2913 | D:4      | Noticed Blork the orc
  2934 | D:4      | Slain by Blork the orc

Levels and vault maps discovered:
D:1:      dpeg_arrival_short_road, layout_basic
D:2:      layout_rooms, lightli_temple_of_fire, fedhas_ov_isle_minmay
D:3:      layout_basic, chequers_ecumenical_altar_grove, grunt_ministairs_10,
          lemuel_statue_altar
D:4:      layout_cave_pods, grunt_temple_overflow_open,
          nicolae_dithmenos_shadow_blocks, vehumet_statue, first_ration,
          uniq_grinder, uniq_blork_the_orc

Skill      XL: |  1  2  3  4  5 |
---------------+----------------+-----
Armour         | 1 2 |  2.1
Dodging        | 3 |  3.6
Fighting       | 3 |  3.3
Maces & Flails | 4 |  4.3
Throwing       | |  1.7

Action                   |  1- 3 |  4- 6 || total
-------------------------+-------+-------++-------
Melee: Flail             |   130 |   112 ||   242
  Use: Scroll            |       |     4 ||     4
       Potion            |       |     2 ||     2
  Eat: Chunk             |     5 |     7 ||    12
Armor: Leather armour    |    81 |       ||    81
       Ring mail         |    10 |    53 ||    63
Dodge: Dodged            |   137 |    86 ||   223

Table legend:
 A = Non-vault XP
 B = Vault XP
 C = Vault XP percentage of total XP
 D = Non-vault monster count
 E = Vault monster count
 F = Vault count percentage of total count
                 A         B        C        D         E       F
            +---------+---------+-------+---------+---------+-------
      Total |     282 |      15 |   5.1 |      60 |       2 |   3.2
            +---------+---------+-------+---------+---------+-------
        D:1 |      45 |       0 |   0.0 |      26 |       0 |   0.0
        D:2 |      69 |       0 |   0.0 |      23 |       0 |   0.0
        D:3 |      19 |      15 |  44.1 |       5 |       2 |  28.6
        D:4 |     149 |       0 |   0.0 |       6 |       0 |   0.0
            +---------+---------+-------+---------+---------+-------
